 Dungeon Crawl Stone Soup version 0.27.1-1-g398f81649c (webtiles) character file.

Game seed: 6223993156105346375

1281 ABBCCCDDDD the Insei (level 8, 0/58 HPs)
             Began as an Octopode Monk on Sept 13, 2021.
             Slain by a yak (16 damage)
             ... on level 6 of the Dungeon.
             The game lasted 00:10:41 (8285 turns).

ABBCCCDDDD the Insei (Octopode Monk)                Turns: 8285, Time: 00:10:41

Health: 0/58       AC:  1    Str: 11    XL:     8   Next: 54%
Magic:  11/11      EV: 14    Int: 14    God:
Gold:   183        SH:  0    Dex: 14    Spells: 12/12 levels left

rFire    . . .     SeeInvis .     - Unarmed
rCold    . . .     Faith    .   (no shield)
rNeg     . . .     Spirit   .   (helmet restricted)
rPois    +         Reflect  .   (no amulet)
rElec    .         Harm     .   h - ring of poison resistance
rCorr    .         Rampage  .   (no ring)
Will     .....                  (no ring)
Stlth    ++++......             (no ring)
HPRegen  0.19/turn              (no ring)
MPRegen  0.12/turn              (no ring)
                                (no ring)
                                (no ring)

@: no status effects
A: almost no armour, amphibious, 8 rings, camouflage 1, gelatinous body 1,
(nimble swimmer 1), tentacles
a: no special abilities


You were on level 6 of the Dungeon.
You visited 1 branch of the dungeon, and saw 6 of its levels.
You also visited: Ossuary.

You collected 183 gold pieces.

Inventory:

Hand Weapons
 r - a +2 vorpal spear
Missiles
 g - a poisoned dart (quivered)
 o - a throwing net
Jewellery
 h - a ring of poison resistance (left tentacle)
Scrolls
 b - a scroll of identify
 c - 2 scrolls of fog
 d - a scroll of enchant weapon
 e - a scroll of vulnerability {unknown}
 j - 2 scrolls of immolation {unknown}
 k - 2 scrolls of amnesia
 n - a scroll of noise {unknown}
 p - a scroll of blinking {unknown}
 v - a scroll of acquirement {unknown}
 w - a scroll of teleportation {unknown}
Potions
 a - 4 potions of curing {unknown}
 f - 2 potions of brilliance {unknown}
 i - a potion of flight {unknown}
 l - a potion of lignification
 m - 2 potions of heal wounds {unknown}
 q - 3 potions of attraction {unknown}
 s - a potion of mutation {unknown}
 t - 2 potions of berserk rage {unknown}
 u - a potion of invisibility {unknown}


   Skills:
 + Level 6.9 Fighting
 - Level 3.8 Dodging
 - Level 5.0 Stealth
 + Level 6.9 Unarmed Combat
 + Level 2.5 Spellcasting


You had 12 spell levels left.
You didn't know any spells.
Your spell library contained the following spells:

 Spells                   Type           Power      Damage    Failure   Level
 Apportation              Tloc           2%         N/A       22%         1
 Gell's Gravitas          Tloc           0%         N/A       56%         3
 Inner Flame              Hex/Fire       1%         N/A       56%         3
 Teleport Other           Tloc           1%         N/A       56%         3
 Cause Fear               Hex            0%         N/A       92%         4
 Alistair's Intoxication  Tmut/Pois      0%         N/A       99%         5
 Dispersal                Tloc           0%         N/A       100%        6
 Invisibility             Hex            0%         N/A       100%        6
 Discord                  Hex            0%         N/A       100%        8


Dungeon Overview and Level Annotations

Branches:
Dungeon (6/15)            Ossuary (visited)
 Temple: D:4-7

Altars:
Cheibriados
Fedhas
Makhleb
Sif Muna
Uskayaw


Innate Abilities, Weirdness & Mutations

You cannot wear most types of armour.
You are amphibious.
You can wear up to eight rings at the same time.
Your skin changes colour to match your surroundings (Stealth+).
Your rubbery body absorbs attacks. (AC +1, EV +1)
((You are camouflaged near water. (Stealth+)))
You have tentacles for arms and can constrict up to eight enemies at once.


Message History

The yak is poisoned.
The yak bellows!
You hear a bellow!
You tentacle-slap the yak. You squeeze the yak, but do no damage.
The yak is lightly wounded.
The yak closely misses you.
You barely miss the yak.
The yak is lightly wounded.
You tentacle-slap the yak but do no damage.
You squeeze the yak, but do no damage.
The yak is lightly wounded.
The yak looks more healthy.
The yak misses you.
You tentacle-slap the yak but do no damage.
You squeeze the yak!
The yak is moderately wounded.
The yak gores you!
You barely miss the yak. You squeeze the yak!
The yak is severely wounded.
The yak closely misses you.
You tentacle-slap the yak.
The yak is severely wounded.
The yak gores you!
You barely miss the yak. You squeeze the yak, but do no damage.
The yak is severely wounded.
The yak gores you!
Saving game... please wait.
Welcome back, ABBCCCDDDD the Octopode Monk.
Press ? for a list of commands and other information.
Things that are here:
a +0 ring mail; a +0 hand axe
Things that are here:
a +0 whip; an orc corpse You see here a +4 trident.
The yak looks more healthy.
Found 12 bolts.
The yak gores you!
* * * LOW HITPOINT WARNING * * *
An orc comes into view. It is wielding a +0 short sword.
The yak gores you!
You die...

#.######### ...........#
#####
........(..#####'#.#
........(...(YY....#
.........((######..#
.(........@#....#Y.#
.........Y.#..###[.#
###.....Y..#.....).#
........##Y#..###Y.#
.......Y#<.#....#..######
.o......#..######........
........#......Y..#######
.......Y#.###....##
...(....Y.# ####.#


You could see 4 yaks.

Levels and vault maps discovered:
D:1:      dpeg_arrival_chambers_temple_mockup, layout_basic,
          minmay_misc_feat_roman
D:2:      layout_basic, basic_altar, dreamdust_ecumenical_altar_grove
D:3:      layout_basic
D:4:      layout_rooms, mainiacjoe_overflow_small_starburst, slow_altar_1,
          eat_drink_and_be_merry_uskayaw, mainiacjoe_overflow_cross_hatched,
          minmay_crystal_water, minmay_splitting_lines
D:5:      layout_gridville
D:6:      minmay_cornered_nines, layout_basic, mainiacjoe_overflow_24_doors,
          nicolae_hepliaklqana_monster_ancestors,
          pdpol_wu_jian_five_deadly_venoms, minmay_temple_entry_overgrown,
          enter_ossuary_4, uniq_duvessa

Notes
Turn   | Place    | Note
-------+----------+-------------------------------------------
     0 | D:1      | ABBCCCDDDD the Octopode Monk began the quest for the Orb.
     0 | D:1      | Reached XP level 1. HP: 16/16 MP: 1/1
   235 | D:1      | Reached XP level 2. HP: 12/21 MP: 2/2
   970 | D:2      | Found a blossoming altar of Fedhas.
  1031 | D:2      | Found a faded altar of an unknown god.
  1040 | D:2      | Reached XP level 3. HP: 21/26 MP: 3/3
  1581 | D:2      | Reached XP level 4. HP: 31/31 MP: 4/4
  2630 | D:3      | Reached XP level 5. HP: 37/37 MP: 5/5
  2967 | D:4      | Found a hide-covered altar of Uskayaw.
  3560 | D:4      | Found a burning altar of Makhleb.
  3629 | D:3      | Reached skill level 5 in Stealth
  4047 | D:4      | Reached XP level 6. HP: 20/44 MP: 6/6
  4233 | D:4      | Found a shimmering blue altar of Sif Muna.
  4290 | D:4      | Found a snail-covered altar of Cheibriados.
  5065 | D:4      | Noticed an orc warrior
  5622 | D:5      | Entered Level 5 of the Dungeon
  5695 | D:5      | Reached skill level 5 in Fighting
  5695 | D:5      | Reached skill level 5 in Unarmed Combat
  5786 | D:5      | Reached XP level 7. HP: 45/50 MP: 7/7
  7124 | D:5      | Reached XP level 8. HP: 47/57 MP: 7/9
  7277 | D:5      | Reached skill level 1 in Spellcasting
  7522 | D:6      | Found a sand-covered staircase.
  7542 | Ossuary  | Entered an ossuary
  8102 | D:6      | Noticed a yak
  8102 | D:6      | Noticed a yak
  8102 | D:6      | Noticed a yak
  8243 | D:6      | Noticed a yak
  8251 | D:6      | Noticed a yak
  8285 | D:6      | Slain by a yak

Table legend: (Time is in decaauts)
 A = Elapsed time spent in this place.
 B = Non-inter-level travel time spent in this place.
 C = Inter-level travel time spent in this place.
 D = Time resting spent in this place.
 E = Time spent auto-exploring this place.
 F = Levels seen in this place.
 G = Mean time per level.
                   A        B        C        D        E       F      G
               +--------+--------+--------+--------+--------+-----+--------+
         Total |   8253 |   8008 |    245 |   2629 |   3666 |   7 | 1179.0 |
       Dungeon |   7720 |   7475 |    245 |   2629 |   3260 |   6 | 1286.7 |
       Ossuary |    532 |    532 |      0 |      0 |    406 |   1 |  532.0 |
               +--------+--------+--------+--------+--------+-----+--------+

Top non-repeatable levels by time:
     D:4: 2092 daAuts
     D:3: 1817 daAuts
     D:5: 1607 daAuts
     D:2: 1072 daAuts
     D:1: 897 daAuts
 Ossuary: 532 daAuts
     D:6: 233 daAuts

Table legend:
 A = Kills in this place as a percentage of kills in entire the game.
 B = Kills by you in this place as a percentage of kills by you in the entire game.
 C = Kills by friends in this place as a percentage of kills by friends in the entire game.
 D = Other kills in this place as a percentage of other kills in the entire game.
 E = Experience gained in this place as a percentage of experience gained in the entire game.
 F = Experience gained in this place divided by the number of levels of this place that you have seen.
                   A       B       C       D       E      F
               +-------+-------+-------+-------+-------+----------------------
         Total | 100.0 | 100.0 |   N/A |   N/A | 100.0 | 261.4
       Dungeon |  75.8 |  75.8 |   N/A |   N/A |  86.7 | 264.3
       Ossuary |  24.2 |  24.2 |   N/A |   N/A |  13.3 | 244.0
               +-------+-------+-------+-------+-------+----------------------

Action                   |  1- 3 |  4- 6 |  7- 9 || total
-------------------------+-------+-------+-------++-------
Melee: Unarmed           |    68 |   162 |   187 ||   417
       Tentacles         |    11 |    33 |    50 ||    94
       Constrict         |    17 |    33 |    44 ||    94
       Punch             |       |     6 |     7 ||    13
Throw: Dart              |       |    27 |    34 ||    61
       Throwing net      |       |       |     3 ||     3
  Use: Potion            |       |     1 |       ||     1
       Scroll            |       |       |     3 ||     3
 Stab: Sleeping          |    16 |     6 |    10 ||    32
Armor: Skin              |     3 |     8 |    15 ||    26
Dodge: Dodged            |    32 |    94 |    98 ||   224

Vanquished Creatures
  A sky beast (D:6)
  An ogre (D:5)
  A necrophage (D:5)
  2 phantoms
  A scorpion (D:5)
  A jelly (D:6)
  A centaur zombie (Ossuary)
  3 gnoll shamans
  A hound (D:5)
  A human zombie (Ossuary)
  An iguana (D:5)
  An orc wizard (D:5)
  3 hound zombies (Ossuary)
  A hound skeleton (D:5)
  4 mummies
  9 adders
  25 gnolls
  3 adder zombies (Ossuary)
  3 dart slugs
  10 orcs
  5 bats
  5 endoplasms
  5 giant cockroaches
  2 gnoll zombies (Ossuary)
  4 goblins
  3 hobgoblins
  4 jackals (D:2)
  3 quokkas (D:4)
  5 ball pythons
  2 frilled lizards
  7 goblin zombies
  6 hobgoblin zombies (Ossuary)
  3 jackal zombies (Ossuary)
  4 kobolds
  4 kobold zombies (Ossuary)
  2 orc zombies (Ossuary)
  2 quokka zombies
  9 rats
  A rat zombie (Ossuary)
149 creatures vanquished.

Vanquished Creatures (others)
  4 fungi (D:2)
  2 plants (D:2)
6 creatures vanquished.

Grand Total: 155 creatures vanquished
